 Dungeon Crawl Stone Soup version 0.30-a0-310-g7d6cbdfea6 (webtiles) character file.

Game seed: 6292505559698824754

302 Lanoc the Grave Robber (level 6, 0/35 (41) HPs)
             Began as a Vampire Necromancer on Oct 24, 2022.
             Slain by a necrophage (1 damage)
             ... on level 4 of the Dungeon.
             The game lasted 00:06:33 (3729 turns).

Lanoc the Grave Robber (Vampire Necromancer)        Turns: 3729, Time: 00:06:34

HP:   0/35 (41)     AC:  2    Str:  7    XL:     6   Next: 14%
MP:   9/9           EV: 13    Int: 19    God:
Gold: 139           SH:  0    Dex: 15    Spells: 5/9 levels left

rFire   . . .      SeeInvis +    h - +0 dagger (venom)
rCold   . . .      Faith    .    (no shield)
rNeg    . . .      Spirit   .    a - +0 robe
rPois   .          Reflect  .    (no helmet)
rElec   .          Harm     .    (no cloak)
rCorr   .          Rampage  .    (no gloves)
Will    .....                    (no boots)
Stlth   ++........               i - amulet of the acrobat
HPRegen 0.45/turn                (no ring)
MPRegen 0.11/turn                (no ring)

@: mighty, attractive, flying, healing quickly, heavily drained
A: alive, fangs 3, see invisible, vampiric 2
a: Exsanguinate


You were on level 4 of the Dungeon.
You visited 1 branch of the dungeon, and saw 4 of its levels.

You collected 139 gold pieces.

Inventory:

Hand Weapons
 h - a +0 dagger of venom (weapon)
Armour
 a - a +0 robe (worn)
Jewellery
 i - an amulet of the acrobat (around neck)
 n - a ring of positive energy
Wands
 q - a wand of charming (3)
Scrolls
 c - 6 scrolls of identify {unknown}
 e - 4 scrolls of blinking
 f - 2 scrolls of fear {unknown}
 j - a scroll of teleportation {unknown}
 m - a scroll of immolation {unknown}
 o - a scroll of acquirement {unknown}
 p - a scroll of enchant armour {unknown}
 r - a scroll of enchant weapon {unknown}
Potions
 b - a potion of magic
 g - 3 potions of heal wounds
 k - a potion of curing
 t - a potion of berserk rage {unknown}
 u - a potion of lignification {unknown}


   Skills:
 + Level 4.3 Dodging
 - Level 3.0 Stealth
 - Level 2.0 Spellcasting
 * Level 7.2 Necromancy


You had 5 spell levels left.
You knew the following spells:

 Your Spells              Type           Power      Damage    Failure   Level
a - Necrotise             Necr           100%       1d9       1%          1
b - Vampiric Draining     Necr           29%        2d8       2%          3

Your spell library contained the following spells:

 Spells                   Type           Power      Damage    Failure   Level
 Animate Dead             Necr           29%        N/A       9%          4
 Magic Dart               Conj           4%         1d3       17%         1
 Agony                    Necr           29%        N/A       24%         5
 Call Imp                 Summ           1%         N/A       26%         2
 Mephitic Cloud           Conj/Pois/Air  1%         N/A       45%         3


Dungeon Overview and Level Annotations

Branches:
Dungeon (4/15)
 Temple: D:4-7

Altars:
Ashenzari

Shops:
D:3 [


Innate Abilities, Weirdness & Mutations

Your natural rate of healing is accelerated.
You have razor-sharp teeth.
You have supernaturally acute eyesight. (SInv)
You are afflicted with vampirism and can become a bat while bloodless.


Message History

The necrophage hits you!
It was a potion of attraction.
You feel attractive to monsters. The necrophage hits you.
* * * LOW HITPOINT WARNING * * *
It was a potion of curing.
You feel better. The necrophage misses you.
It was a potion of flight.
You feel very buoyant.
You fly up into the air.
The necrophage closely misses you.
It was a potion of might.
You feel very mighty all of a sudden. The necrophage closely misses you.
You hit the necrophage.
The necrophage is lightly damaged.
The necrophage hits you.
You closely miss the necrophage. You bite the necrophage.
The necrophage is moderately damaged.
The necrophage hits you.
* * * LOW HITPOINT WARNING * * *
You puncture the necrophage!
The necrophage is heavily damaged.
The necrophage barely misses you.
You barely miss the necrophage.
The necrophage is heavily damaged.
The necrophage hits you.
* * * LOW HITPOINT WARNING * * *
You feel drained.
* * * LOW HITPOINT WARNING * * *
You closely miss the necrophage. You bite the necrophage!
The necrophage is almost destroyed.
The necrophage closely misses you.
You barely miss the necrophage.
The necrophage is almost destroyed.
The necrophage completely misses you.
You barely miss the necrophage.
The necrophage is almost destroyed.
The necrophage hits you.
* * * LOW HITPOINT WARNING * * *
You feel drained.
You die...

.#.### .. ...#..##.#
.........# ###.....#
#.......# #.......#
###.SJK.# ..
.....#n### ..
....##@..# .#
....####.## .# ...
#.....# .# ..
#...#.##.# #...#..#.#
# ...[.##...#.####
...... ##..#.......
.......###...........
...###.#....######..#


You could see a necrophage, an adder, an endoplasm and a kobold.

Vanquished Creatures
  A centaur (D:3)
  A jelly (D:3)
  Terence (D:2)
  2 adders
  5 gnolls
  3 worms
  A dart slug (D:4)
  8 orcs
  6 bats
  8 endoplasms
  7 giant cockroaches
  7 goblins
  14 hobgoblins
  6 kobolds
  5 ball pythons
  A frilled lizard (D:1)
  A rat (D:1)
77 creatures vanquished.

Vanquished Creatures (collateral kills)
  A giant cockroach (D:1)
  A frilled lizard (D:1)
  3 goblins
5 creatures vanquished.

Grand Total: 82 creatures vanquished

Notes
Turn   | Place    | Note
-------+----------+-------------------------------------------
     0 | D:1      | Lanoc the Vampire Necromancer began the quest for the Orb.
     0 | D:1      | Reached XP level 1. HP: 13/13 MP: 3/3
   298 | D:1      | Reached XP level 2. HP: 17/17 MP: 1/5
   447 | D:1      | Reached skill level 5 in Necromancy
   543 | D:1      | Gained mutation: You are afflicted with vampirism and can
                  | become a bat while bloodless. [Vampire growth]
   543 | D:1      | Reached XP level 3. HP: 20/21 MP: 0/6
   547 | D:1      | Learned a level 3 spell: Vampiric Draining
  1563 | D:2      | Found a broken altar of Ashenzari.
  1631 | D:2      | Reached XP level 4. HP: 18/27 MP: 4/7
  1740 | D:2      | Noticed Terence
  1746 | D:2      | Killed Terence
  2061 | D:3      | Noticed a centaur
  2067 | D:3      | Killed a centaur
  2068 | D:3      | Reached skill level 6 in Necromancy
  2068 | D:3      | Reached XP level 5. HP: 16/35 MP: 0/8
  2173 | D:3      | Found Cairaha's Antique Armour Boutique.
  2978 | D:3      | Noticed a black bear
  3310 | D:4      | Reached skill level 7 in Necromancy
  3389 | D:4      | Reached XP level 6. HP: 23/41 MP: 1/9
  3729 | D:4      | HP: 1/36 [necrophage (4)]
  3729 | D:4      | Slain by a necrophage

Illustrated notes

Levels and vault maps discovered:
D:1:      dpeg_arrival_brainrot, layout_basic
D:2:      kennysheep_the_goblin_king, layout_loops_ring, basic_altar,
          chequers_decorated_corner, minmay_pentomino_x2, uniq_terence
D:3:      layout_loops_ring, serial_shops, nicolae_shop_stone,
          grunt_ministairs_10
D:4:      cheibrodos_barr_body, layout_basic, serial_shops, kennysheep_mini

Skill      XL: |  1  2  3  4  5 |
---------------+----------------+-----
Necromancy     | 5 6 7 |  7.2
Dodging        | 3 4 |  4.3
Stealth        | |  3.0
Spellcasting   | |  2.0

Action                   |  1- 3 |  4- 6 || total
-------------------------+-------+-------++-------
Melee: Unarmed           |    42 |       ||    42
       Bite              |     5 |     4 ||     9
       Dagger            |     8 |    21 ||    29
 Cast: Necrotise         |    67 |    93 ||   160
 Abil: Exsanguinate      |     1 |       ||     1
       Revivify          |     1 |       ||     1
  Use: Scroll            |       |     1 ||     1
       Potion            |       |     4 ||     4
Armor: Robe              |     6 |       ||     6
Dodge: Dodged            |    43 |    28 ||    71

Table legend: (Time is in decaauts)
 A = Elapsed time spent in this place.
 B = Non-inter-level travel time spent in this place.
 C = Inter-level travel time spent in this place.
 D = Time resting spent in this place.
 E = Time spent auto-exploring this place.
 F = Levels seen in this place.
 G = Mean time per level.
                   A        B        C        D        E       F      G
               +--------+--------+--------+--------+--------+-----+--------+
         Total |   3730 |   3630 |    100 |     42 |   3026 |   4 |  932.5 |
       Dungeon |   3730 |   3630 |    100 |     42 |   3026 |   4 |  932.5 |
               +--------+--------+--------+--------+--------+-----+--------+

Top non-repeatable levels by time:
     D:3: 1197 daAuts
     D:2: 1073 daAuts
     D:1: 967 daAuts
     D:4: 492 daAuts
